 Dungeon Crawl Stone Soup version 0.19.0-19-g8c6edcc (webtiles) character file.

3091 nikopol the Chopper (level 9, -3/84 HPs)
             Began as a Gargoyle Berserker on Nov 15, 2016.
             Was an Elder of Trog.
             Slain by an orc warrior
             ... wielding a +1 battleaxe of flaming
              (17 damage)
             ... on level 7 of the Dungeon on Nov 16, 2016.
             The game lasted 00:26:42 (7593 turns).

nikopol the Chopper (Gargoyle Berserker)            Turns: 7593, Time: 00:26:43

Health: -3/84      AC: 23    Str: 26    XL:     9   Next: 89%
Magic:  9/9        EV: 11    Int:  8    God:    Trog [****..]
Gold:   308        SH:  0    Dex: 12    Spells: 0 memorised, 8 levels left

rFire  + . .     SeeInvis .     a - +1 war axe
rCold  x . .     Gourm    .     j - +1 chain mail
rNeg   + . .     Faith    .     (no shield)
rPois  ∞         Spirit   .     (no helmet)
rElec  +         Reflect  .     o - +2 cloak
rCorr  .         Harm     .     K - +2 pair of gloves
MR     .....                    (no boots)
Stlth  ..........               (no amulet)
                                G - ring of flight
                                D - ring of fire

@: berserking, very quick
A: negative energy resistance 1, electricity resistance, unbreathing,
petrification resistance, rot immunity, AC +5
a: Berserk, Trog's Hand, Brothers in Arms, Burn Spellbooks, Renounce Religion,
Evoke Flight


You were on level 7 of the Dungeon.
You worshipped Trog.
Trog was greatly pleased with you.
You were hungry.

You visited 1 branch of the dungeon, and saw 7 of its levels.
You also visited: Sewer.

You collected 308 gold pieces.

Inventory:

Hand Weapons
 a - a +1 war axe (weapon)
 z - a +0 shortbow
 E - a +4 battleaxe
Missiles
 t - 97 arrows (quivered)
Armour
 j - a +1 chain mail (worn)
 o - a +2 cloak (worn)
 K - a +2 pair of gloves (worn)
Jewellery
 C - an uncursed ring of protection from cold
 D - a ring of fire (left hand)
 G - a ring of flight (right hand)
Wands
 k - a wand of disintegration (12/24)
 q - a wand of lightning (8/15)
 y - a wand of teleportation (7/9)
 F - a wand of slowing (35/48)
 N - a wand of acid (9/15)
Scrolls
 f - a scroll of magic mapping
 l - a scroll of recharging
 p - a scroll of blinking
 v - 3 scrolls of teleportation
 H - 2 scrolls of remove curse
 L - a scroll of identify
 M - a scroll of torment {unknown}
Potions
 d - a potion of berserk rage {unknown}
 e - 6 potions of flight
 g - 2 potions of curing {unknown}
 h - a potion of cancellation {unknown}
 i - a potion of mutation {unknown}
 r - a potion of heal wounds {unknown}
 s - a potion of ambrosia {unknown}
 u - a potion of haste {unknown}
 A - a potion of lignification {unknown}
 B - a potion of might {unknown}
 I - a potion of resistance {unknown}
 J - a potion of invisibility {unknown}
Comestibles
 c - 3 bread rations
 m - 3 beef jerkies
 n - a slice of pizza
 w - 2 royal jellies
 x - 3 meat rations


   Skills:
 + Level 6.7 Fighting
 * Level 7.2 Axes
 * Level 6.0 Bows
 + Level 6.3 Armour
 + Level 5.0 Dodging


You had 8 spell levels left.
You didn't know any spells.

Dungeon Overview and Level Annotations

Branches:
Dungeon (7/15)             Temple (0/1) D:7

Altars:
Fedhas
Hepliaklqana
Xom
Yredelemnul

Shops:
D:7 =


Innate Abilities, Weirdness & Mutations

You are resistant to torment.
Your stone body is resilient. (AC +5)
You are immune to poison.
You resist negative energy. (rN+)
You are resistant to electric shocks. (rElec)
You can survive without breathing.
You are immune to petrification.
You are immune to rotting.


Message History

* * * LOW HITPOINT WARNING * * *
The orc warrior burns you.
* * * LOW HITPOINT WARNING * * *
The orc wizard casts a spell.
The orc wizard seems to speed up.
The adder bites you but does no damage.
Wield which item (- for none, * to show all)? (? for menu, Esc to quit)
a - a +1 war axe (weapon)
A red film seems to cover your vision as you go berserk!
You feel yourself moving faster!
You feel mighty!
You are feeling hungry.
The adder bites you.
* * * LOW HITPOINT WARNING * * *
The orc warrior hits you but does no damage.
The orc hits you but does no damage. The adder bites you but does no damage.
You closely miss the orc warrior.
The orc warrior is almost dead.
You closely miss the adder. You hit the orc.
The adder bites you but does no damage.
The orc warrior hits you with a battleaxe of flaming!
You die...

...................##.##.........
##...#.#.........####..........#.
##...#.#.........# #..#.......#.
.................####..#.........
...#.#.....##..........#.......##
##.#...##..##.##.................
.......##..##.##.....#.#.....#.##
##.#...##..##.##.....#.#.....#.##
##.#..........##@o..(#.......#.##
...........#####oS...#.#.....#.##
................o....+...........
...........#####(....#.##...##.##
...........# #(....#.##........
######...#.# #.####.).##..##.##
######...#.#####.####...##.......
...............((...'...##..##...
######..#..#####.####...##..##.##


You could see an orc warrior, an orc wizard, an adder and an orc.

Vanquished Creatures
  Grinder (D:5)
  A hippogriff (D:7)
  Menkaure (D:5)
  The ghost of nikopol the Skirmisher, an amateur GrBe of Trog (D:3)
  2 sky beasts (D:7)
  Purgy (Sewer)
  2 orc warriors (D:7)
  2 phantoms
  4 centaurs
  An ogre (D:4)
  The ghost of Nuatha the Sneak, an amateur OpWn (D:4)
  A scorpion (D:6)
  5 wights (D:5)
  A howler monkey (D:5)
  3 crimson imps
  A quasit (D:5)
  3 bullfrog zombies
  2 hounds
  7 orc wizards
  2 orc priests (D:7)
  2 jellies
  A centaur skeleton (D:5)
  2 iguanas
  2 worker ants
  9 gnolls
  A river rat (D:6)
  12 adders
  2 oozes
  2 adder skeletons (D:4)
  An adder zombie (D:5)
  3 dart slugs
  3 leopard geckos
  12 orcs
  3 ball pythons
  18 bats
  4 giant cockroaches
  5 goblins
  3 hobgoblins
  11 jackals
  3 quokkas
  A ball python skeleton (D:5)
  A frilled lizard (D:2)
  11 kobolds
  A leopard gecko skeleton (D:4)
  A leopard gecko zombie (D:5)
  A quokka zombie (D:5)
  11 rats
168 creatures vanquished.

Notes
Turn   | Place    | Note
-------+----------+-------------------------------------------
     0 | D:1      | nikopol the Gargoyle Berserker began the quest for the Orb.
     0 | D:1      | Reached XP level 1. HP: 14/14 MP: 1/1
   228 | D:1      | Reached XP level 2. HP: 16/19 MP: 2/2
   527 | D:1      | Reached XP level 3. HP: 20/23 MP: 3/3
   854 | D:2      | Reached skill level 3 in Axes
   887 | D:2      | Reached ** piety under Trog
   946 | D:2      | Reached XP level 4. HP: 24/29 MP: 4/4
  1150 | D:2      | Found a blossoming altar of Fedhas.
  1378 | D:3      | Reached XP level 5. HP: 30/33 MP: 5/5
  1531 | D:3      | Reached XP level 6. HP: 35/38 MP: 6/6
  1593 | D:3      | Reached skill level 4 in Axes
  1609 | D:3      | Noticed nikopol's ghost (amateur GrBe)
  1629 | D:3      | Killed nikopol's ghost
  1629 | D:3      | Reached skill level 1 in Bows
  2008 | D:3      | Reached XP level 7. HP: 40/44 MP: 7/7
  2178 | D:3      | Reached *** piety under Trog
  2324 | D:3      | Found a hazy altar of Hepliaklqana.
  2383 | D:4      | Noticed Nuatha's ghost (amateur OpWn)
  2387 | D:4      | Killed Nuatha's ghost
  3233 | D:4      | Reached skill level 5 in Fighting
  3600 | D:5      | Entered Level 5 of the Dungeon
  3645 | D:5      | Reached skill level 5 in Axes
  3789 | D:5      | Noticed Menkaure
  3797 | D:5      | Killed Menkaure
  3797 | D:5      | Reached XP level 8. HP: 32/49 MP: 8/8
  4112 | D:5      | Found a shimmering altar of Xom.
  4396 | D:5      | Found a basalt altar of Yredelemnul.
  5007 | D:5      | Noticed Grinder
  5028 | D:5      | Paralysed by Grinder for 7 turns
  5044 | D:5      | Killed Grinder
  5044 | D:5      | Reached skill level 5 in Armour
  5293 | D:5      | Received a gift from Trog
  5428 | D:6      | Found a glowing drain.
  5474 | D:6      | Reached skill level 6 in Axes
  5485 | Sewer    | Entered a sewer
  5600 | Sewer    | Noticed Purgy
  5635 | Sewer    | Killed Purgy
  5635 | Sewer    | Reached XP level 9. HP: 39/55 MP: 9/9
  6310 | D:6      | Reached **** piety under Trog
  6532 | D:7      | Reached skill level 5 in Bows
  7004 | D:7      | Found Usifick's Jewellery Emporium.
  7298 | D:7      | Reached skill level 7 in Axes
  7389 | D:7      | Found a staircase to the Ecumenical Temple.
  7406 | D:7      | Reached skill level 5 in Dodging
  7593 | D:7      | Slain by an orc warrior

Skill      XL: |  1  2  3  4  5  6  7  8  9 |
---------------+----------------------------+-----
Dodging        | 2 3 4 5 |  5.0
Axes           | 3 4 5 6 7 |  7.2
Fighting       | 4 5 6 |  6.7
Armour         | 3 4 5 6 |  6.3
Bows           | 1 2 4 6 |  6.0

Action                   |  1- 3 |  4- 6 |  7- 9 || total
-------------------------+-------+-------+-------++-------
Melee: Hand axe          |   125 |    62 |       ||   187
       Mace              |       |   119 |   552 ||   671
       War axe           |       |       |   103 ||   103
 Fire: Shortbow          |       |       |   156 ||   156
Invok: Berserk           |       |     1 |     7 ||     8
       Burn Spellbooks   |       |       |     1 ||     1
  Use: Scroll            |       |     7 |     6 ||    13
  Eat: Chunk             |       |     4 |    22 ||    26
       Pizza             |       |       |     2 ||     2
       Beef jerky        |       |       |     1 ||     1
Armor: Animal skin       |    35 |       |       ||    35
       Chain mail        |    71 |   179 |   743 ||   993
Dodge: Dodged            |   117 |    97 |   431 ||   645
